AoeStats
← Ernst paul

Arena

508667866Analyzed
2v2 RM · 9d ago on Sep 23, 2026· 50m 20s· 4 players
Game mode
Random Map
Map size
Medium (4 player)
Population
200
Speed
Normal
Resources
Standard
Victory
Conquest
Starting age
Dark Age
Ending age
Imperial Age
RankedLock teamsTeams togetherTeam positionsShared explorationLock speedFull tech treeHidden civsTurbo modeCheats
Victory
Defeat
🇧🇷 Franks · Brazil
851
+16
🇧🇪 Ethiopians · Belgium
820
+17
🇹🇼 Burgundians · Taiwan
902
-18
🇳🇱 Franks · Netherlands
807
-15
rmoiana
4:16 Loom
11:50 Feudal Age
16:05 Castle Age
14:49 Stone Mining
15:25 Double-Bit Axe
26:34 Pikeman
29:02 Scale Barding Armor
34:53 Imperial Age
32:59 Scale Mail Armor
33:11 Forging
35:19 Halberdier
37:46 Cavalier
43:25 Husbandry
46:04 Wheelbarrow
45:17 Town Watch
47:56 Conscription
49:19 Chain Barding Armor
50:03 Squires
Ernst paul
3:34 Loom
11:28 Feudal Age
12:02 Double-Bit Axe
12:00 Horse Collar
20:00 Castle Age
18:12 Stone Mining
20:32 Crossbowman
25:52 Fletching
26:03 Padded Archer Armor
27:54 Heavy Plow
31:42 Ballistics
36:39 Elite Skirmisher
45:18 Imperial Age
43:40 Forging
43:31 Scale Mail Armor
43:27 Bodkin Arrow
43:47 Leather Archer Armor
45:50 Iron Casting
45:22 Scale Barding Armor
46:22 Thumb Ring
47:37 Chemistry
46:24 Cavalier
TEAM MBG
0:26 Loom
11:18 Feudal Age
12:40 Wheelbarrow
11:53 Double-Bit Axe
13:58 Gold Mining
16:40 Stone Mining
22:31 Castle Age
23:46 Hand Cart
23:45 Bow Saw
24:14 Gold Shaft Mining
29:18 Fletching
30:19 Murder Holes
30:05 Treadmill Crane
31:32 Scale Mail Armor
31:42 Forging
32:05 Ballistics
36:23 Imperial Age
34:41 Chain Mail Armor
37:06 Ordonnance Companies
39:41 Bodkin Arrow
39:47 Padded Archer Armor
42:20 Leather Archer Armor
許瑞德
0:50 Loom
11:32 Feudal Age
10:14 Double-Bit Axe
17:59 Castle Age
16:09 Horse Collar
17:01 Scale Barding Armor
17:29 Bow Saw
17:29 Gold Mining
18:29 Forging
21:10 Wheelbarrow
21:08 Town Watch
22:28 Chain Barding Armor
24:47 Heavy Plow
28:15 Fletching
29:28 Bodkin Arrow
31:54 Fortified Wall
34:54 Imperial Age
32:31 Stone Mining
32:07 Pikeman
33:12 Squires
33:27 Scale Mail Armor
33:13 Cavalier
34:37 Husbandry
35:16 Ballistics
35:16 Hand Cart
Connection lost

Rejoining the realm…

Still unreachable

The connection could not be restored.

Session expired

The server has moved on; the page needs a fresh start.